AoeStats
← Andraste

Fortress

507978982Analyzed
3v3 RM · 13d ago on Sep 20, 2026· 43m 52s· 6 players
Game mode
Random Map
Map size
Large (8 player)
Population
200
Speed
Normal
Resources
Standard
Victory
Conquest
Starting age
Dark Age
Ending age
Imperial Age
RankedLock teamsTeams togetherTeam positionsShared explorationLock speedFull tech treeHidden civsTurbo modeCheats
Victory
Defeat
🇫🇮 Byzantines · Finland
1396
+17
🇫🇮 Cumans · Finland
1393
+17
🇫🇮 Slavs · Finland
1388
+17
🇺🇸 Britons · United States
1430
-18
🇺🇸 Cumans · United States
1419
-17
🇺🇸 Vietnamese · United States
1388
-16
OzPoz
7:12 Feudal Age
11:26 Castle Age
9:45 Double-Bit Axe
10:10 Horse Collar
18:59 Wheelbarrow
23:11 Imperial Age
20:30 Loom
21:10 Forging
21:05 Scale Barding Armor
21:26 Bow Saw
21:28 Gold Mining
21:59 Husbandry
23:38 Chain Barding Armor
24:22 Hand Cart
23:38 Heavy Camel Rider
25:52 Plate Barding Armor
25:54 Conscription
27:07 Iron Casting
34:36 Hoardings
37:29 Fletching
37:39 Padded Archer Armor
38:40 Ballistics
38:37 Elite Skirmisher
42:49 Bodkin Arrow
Santa
6:05 Feudal Age
6:33 Double-Bit Axe
7:09 Horse Collar
13:44 Wheelbarrow
12:56 Loom
16:56 Castle Age
15:55 Gold Mining
20:48 Imperial Age
18:51 Fletching
20:28 Bodkin Arrow
20:35 Padded Archer Armor
20:56 Bloodlines
22:28 Chemistry
24:42 Ballistics
28:19 Hand Cart
28:38 Bow Saw
30:43 Conscription
30:44 Leather Archer Armor
32:15 Elite Kipchak
35:49 Ring Archer Armor
37:23 Thumb Ring
37:43 Parthian Tactics
eelis
8:36 Feudal Age
8:42 Loom
12:34 Castle Age
10:36 Double-Bit Axe
11:43 Gold Mining
18:44 Scale Barding Armor
27:16 Imperial Age
25:35 Fletching
25:46 Padded Archer Armor
26:23 Bodkin Arrow
27:16 Capped Ram
28:10 Siege Ram
29:52 Elite Skirmisher
32:20 Leather Archer Armor
32:50 Conscription
35:19 Ring Archer Armor
37:12 Chemistry
37:52 Ballistics
38:43 Horse Collar
42:36 Town Watch
Dromophobia
5:37 Feudal Age
6:14 Double-Bit Axe
6:50 Horse Collar
15:49 Castle Age
14:47 Bloodlines
15:08 Scale Barding Armor
17:06 Wheelbarrow
17:19 Bow Saw
19:07 Forging
20:26 Heavy Plow
20:14 Loom
20:32 Gold Mining
21:47 Chain Barding Armor
22:54 Iron Casting
23:16 Gold Shaft Mining
28:02 Imperial Age
27:45 Hand Cart
29:11 Coinage
29:54 Plate Barding Armor
29:04 Pikeman
30:48 Blast Furnace
29:48 Scale Mail Armor
30:11 Conscription
29:22 Cavalier
30:19 Halberdier
31:00 Squires
31:48 Town Watch
33:30 Chain Mail Armor
33:06 Fletching
32:51 Light Cavalry
34:10 Stone Mining
34:57 Ballistics
35:20 Plate Mail Armor
35:52 Masonry
36:43 Chemistry
35:43 Bodkin Arrow
36:03 Hussar
37:15 Steppe Husbandry
Andraste
7:33 Feudal Age
11:33 Castle Age
10:00 Double-Bit Axe
10:04 Horse Collar
12:51 Bow Saw
13:51 Heavy Plow
18:10 Fletching
20:31 Wheelbarrow
19:42 Loom
19:47 Town Watch
20:38 Padded Archer Armor
21:54 Hand Cart
22:58 Bodkin Arrow
29:07 Imperial Age
27:16 Leather Archer Armor
27:32 Ballistics
27:10 Pikeman
27:55 Scale Mail Armor
28:08 Forging
28:48 Town Patrol
29:24 Coinage
29:16 Squires
30:35 Chain Mail Armor
30:22 Bracer
31:27 Chemistry
30:53 Yeomen
31:28 Chain Mail Armor
31:49 Iron Casting
31:48 Masonry
32:11 Ring Archer Armor
32:07 Conscription
34:35 Banking
34:52 Plate Mail Armor
33:56 Halberdier
34:41 Gold Mining
35:28 Elite Longbowman
36:54 Hoardings
40:23 Architecture
40:56 Blast Furnace
40:02 Scale Barding Armor
39:42 Light Cavalry
40:23 Husbandry
The High Ground
7:18 Feudal Age
9:50 Loom
12:18 Castle Age
10:24 Double-Bit Axe
13:50 Scale Mail Armor
14:02 Forging
15:14 Horse Collar
23:30 Fletching
23:40 Padded Archer Armor
29:19 Imperial Age
29:06 Chain Mail Armor
29:27 Iron Casting
33:55 Plate Mail Armor
40:22 Wheelbarrow
42:03 Bodkin Arrow
42:30 Leather Archer Armor
Connection lost

Rejoining the realm…

Still unreachable

The connection could not be restored.

Session expired

The server has moved on; the page needs a fresh start.